 Dungeon Crawl Stone Soup version 0.31-a0-237-g2d982f9f85 (webtiles) character file.

Game seed: 15641143232074854026

186 HallandMoats the Trooper (level 5, -2/44 HPs)
             Began as a Demonspawn Fighter on July 11, 2023.
             Splashed by a jelly's acid (9 damage)
             ... on level 3 of the Dungeon.
             The game lasted 00:03:05 (1946 turns).

HallandMoats the Trooper (Demonspawn Fighter)       Turns: 1946, Time: 00:03:05

Health: -2/44      AC: -3    Str: 18    XL:     5   Next: 38%
Magic:  5/5        EV:  9    Int:  9    God:
Gold:   55         SH:  5    Dex: 13    Spells: 4/4 levels left

rFire   . . .        f - +2 short sword (venom)
rCold   . . .        c - +0 buckler
rNeg    . . .        b - +0 scale mail
rPois   .            r - +0 helmet
rElec   .            (no cloak)
rCorr   .            (no gloves)
SInv    .            (no boots)
Will    .....        (no amulet) Stlth
                     (no ring)
HPRegen 1.27/turn    (no ring)
MPRegen 0.09/turn

%: no passive effects
@: corroded
A: rugged brown scales 1, powered by death 3
a: no special abilities


You were on level 3 of the Dungeon.
You visited 1 branch of the dungeon, and saw 3 of its levels.

You collected 55 gold pieces.

Inventory:

Hand Weapons
 a - a +0 war axe
 f - a +2 short sword of venom (weapon)
Armour
 b - a +0 scale mail (worn)
 c - a +0 buckler (worn)
 r - a +0 helmet (worn)
Jewellery
 h - a ring of wizardry
Scrolls
 g - a scroll of teleportation {unknown}
 j - a scroll of blinking {unknown}
 k - a scroll of identify {unknown}
 m - a scroll of immolation {unknown}
 p - a scroll of fear {unknown}
 q - a scroll of revelation {unknown}
Potions
 d - 2 potions of might
 e - a potion of lignification {unknown}
 i - 2 potions of attraction {unknown}
 l - a potion of mutation {unknown}
 n - a potion of curing {unknown}
 o - a potion of heal wounds {unknown}


   Skills:
 * Level 4.5 Fighting
 * Level 3.5 Axes
 - Level 2.6 Armour
 + Level 3.4 Shields


You had 4 spell levels left.
You didn't know any spells.
Your spell library was empty.

Dungeon Overview and Level Annotations

Branches:
Dungeon (3/15)

Altars:


Innate Abilities, Weirdness & Mutations

You are partially covered in rugged brown scales. (AC +1, +3% HP)
You regenerate a lot of health from kills.


Message History

The bat hits you but does no damage.
A rat comes into view.
Found a stone staircase leading up.
Found a leather armour.
The bat barely misses you. The bat barely misses you.
The rat barely misses you.
You barely miss the rat. You block the bat's attack.
You block the rat's attack.
You closely miss the rat. You block the rat's attack.
The jelly closely misses you. The bat hits you but does no damage.
You barely miss the rat. The bat closely misses you.
You block the rat's attack. The jelly hits you.
You are splashed with acid!
You hit the rat.
You kill the rat!
You block the jelly's attack. You block the bat's attack.
The bat closely misses you.
You hit the jelly. The acid corrodes you!
Your hands burn!
The jelly is moderately wounded.
You block the bat's attack. The jelly hits you but does no damage.
You hit the jelly but do no damage.
Your hands burn!
The jelly is moderately wounded.
The bat closely misses you. The jelly hits you but does no damage.
You hit the jelly. The acid corrodes you!
Your hands burn!
The jelly is heavily wounded.
The bat barely misses you. The jelly hits you.
You are splashed with acid!
The endoplasm hits you.
You hit the jelly.
Your hands burn!
The jelly is severely wounded.
The bat hits you. The jelly hits you.
You are splashed with acid.
The endoplasm freezes you.
You are frozen.
* * * LOW HITPOINT WARNING * * *
You hit the jelly but do no damage.
Your hands burn!
* * * LOW HITPOINT WARNING * * *
The jelly is severely wounded.
The bat hits you.
* * * LOW HITPOINT WARNING * * *
The jelly hits you.
* * * LOW HITPOINT WARNING * * *
The acid corrodes you!
You are splashed with acid!
You die...

...##........#.. ##..#.
##.............# #.....
.............##
##...#.####.##........##
....#...#...........#..#
..............(......#..
........##.........#....
......b.##.........###..
.......@J..........# ##.
....<...J.#........# ##
........#.#........# #.
...................####.
....#..[................
...##...................
### ###....###..........
#....# ######†####
#..#.#


You could see a jelly, an endoplasm and a bat.

Vanquished Creatures
  An orc priest (D:2)
  An orc wizard (D:2)
  Robin (D:3)
  An adder (D:2)
  3 gnolls (D:3)
  6 dart slugs
  2 orcs (D:2)
  7 bats
  8 endoplasms
  8 goblins
  6 hobgoblins
  4 jackals
  3 quokkas
  5 ball pythons
  3 frilled lizards
  6 kobolds
  5 rats
70 creatures vanquished.

Vanquished Creatures (others)
  A goblin (D:3)
1 creature vanquished.

Grand Total: 71 creatures vanquished

Notes
Turn   | Place    | Note
-------+----------+-------------------------------------------
     0 | D:1      | HallandMoats the Demonspawn Fighter began the quest for the
                  | Orb.
     0 | D:1      | Reached XP level 1. HP: 18/18 MP: 1/1
     6 | D:1      | Noticed a redback
     6 | D:1      | Noticed a rime drake
     6 | D:1      | Noticed an anaconda
     7 | D:1      | Noticed a polar bear
     7 | D:1      | Noticed a snapping turtle
   116 | D:1      | Gained mutation: You are partially covered in rugged brown
                  | scales. (AC +1, +3% HP) [demonic ancestry]
   116 | D:1      | Reached XP level 2. HP: 16/24 MP: 2/2
  1041 | D:2      | Gained mutation: You regenerate a little health from kills.
                  | [demonic ancestry]
  1041 | D:2      | Reached XP level 3. HP: 27/29 MP: 3/3
  1226 | D:2      | Gained mutation: You regenerate health from kills. [demonic
                  | ancestry]
  1226 | D:2      | Reached XP level 4. HP: 13/38 MP: 4/4
  1241 | D:2      | Reached skill level 4 in Fighting
  1813 | D:3      | Noticed Robin
  1814 | D:3      | Gained mutation: You regenerate a lot of health from kills.
                  | [demonic ancestry]
  1814 | D:3      | Reached XP level 5. HP: 23/44 MP: 5/5
  1831 | D:3      | Killed Robin
  1946 | D:3      | Splashed by a jelly's acid

Illustrated notes

Levels and vault maps discovered:
D:1:      onia_arrival_zoo_common, layout_loops_corners, kennysheep_nondescript,
          grunt_decor_cap, minmay_misc_feat_enclosed, hangedman_decor_opposing
D:2:      layout_rooms, minivault_23
D:3:      layout_rooms, mainiacjoe_overflow_small_starburst, st_stairs_9,
          minmay_misc_feat_rugged, minmay_misc_feat_chi,
          pf_guarded_unrand_delatra, uniq_robin

Skill      XL: |  1  2  3  4 |
---------------+-------------+-----
Axes           | 2 3 |  3.5
Shields        | 3 |  3.4
Fighting       | 4 |  4.5
Armour         | |  2.6

Action                     |  1- 3 |  4- 6 || total
---------------------------+-------+-------++-------
  Melee: War axe           |    31 |       ||    31
         Short sword       |    44 |   116 ||   160
 Armour: Scale mail        |    38 |    69 ||   107
  Dodge: Dodged            |    37 |    69 ||   106
  Block: Buckler           |    16 |    27 ||    43

Table legend: (Time is in decaauts)
 A = Elapsed time spent in this place.
 B = Non-inter-level travel time spent in this place.
 C = Inter-level travel time spent in this place.
 D = Time resting spent in this place.
 E = Time spent auto-exploring this place.
 F = Levels seen in this place.
 G = Mean time per level.
                   A        B        C        D        E       F      G
               +--------+--------+--------+--------+--------+-----+--------+
         Total |   1964 |   1922 |     42 |      0 |   1397 |   3 |  654.7 |
       Dungeon |   1964 |   1922 |     42 |      0 |   1397 |   3 |  654.7 |
               +--------+--------+--------+--------+--------+-----+--------+

Top non-repeatable levels by time:
     D:1: 1047 daAuts
     D:2: 662 daAuts
     D:3: 254 daAuts
